Harfangs vs Tamiflu (R1)

Created - May 30, 2017 at 21:30

Goals
1 2 3 T
Harfangs 1 0 6 7
Tamiflu 0 1 1 2
Shots
1 2 3 T
Harfangs 8 13 18 39
Tamiflu 10 11 16 37

1st period

1. Harfangs , Adam Mair 1 (Alex Killorn 1, Cam Atkinson 1) at 1:21

Penalties :
Jean-Gabriel Pageau (BEA) for High sticking (Double Minor) at 6:52, Lucas Lessio (Det) for Interference (Minor) at 11:54, Cam Atkinson (BEA) for Roughing (Minor) at 19:38

2nd period

2. Tamiflu , Nino Niederreiter 1 (Jamie Arniel 1) at 5:14

Penalties :
Adam Larsson (Det) for Tripping (Minor) at 3:12, Nino Niederreiter (Det) for Hooking (Minor) at 6:05, Michal Repik (BEA) for Roughing (Minor) at 15:23

3rd period

3. Harfangs , Cam Atkinson 1 (Adam Mair 1, Alex Killorn 2) at 3:46 (PP)
4. Harfangs , Petri Kontiola 1 (Peter Olvecky 1, Dustin Jeffrey 1) at 5:47
5. Harfangs , Peter Olvecky 1 (Michal Repik 1, Petri Kontiola 1) at 12:39 (PP)
6. Harfangs , Alex Killorn 1 (Adam Mair 2, Cam Atkinson 2) at 14:01
7. Harfangs , Peter Olvecky 2 (Cam Fowler 1, Michal Repik 2) at 15:58
8. Harfangs , Peter Olvecky 3 (Jean-Gabriel Pageau 1) at 18:35 (SH)
9. Tamiflu , Petr Pohl 1 (Jamie Arniel 2) at 18:52 (PP)

Penalties :
Lucas Lessio (Det) for Roughing (Minor) at 1:17, Greg Mauldin (Det) for Hooking (Minor) at 3:38, Cam Fowler (BEA) for Roughing (Minor) at 5:58, Nino Niederreiter (Det) for Tripping (Minor) at 8:27, Lucas Lessio (Det) for Hooking (Minor) at 11:49, Cam Atkinson (BEA) for Hooking (Minor) at 17:24, Greg Mauldin (Det) for Tripping (Minor) at 19:16, Jan Mursak (Det) for Interference (Minor) at 19:36

Goalie Stats

Jeremy Duchesne (BEA), 35 saves from 37 shots - (0.946), W, 1-0-0, 60:00 minutes
Thomas Greiss (Det), 32 saves from 39 shots - (0.821), L, 0-1-0, 60:00 minutes

Players Stats for Harfangs

Player Name              G  A  P  +/- PIM S  H  SB GA TA FO     MP     PP MP  PK MP  
------------------------------------------------------------------------------------
Adam Mair                1  2  3   2  0   3  3  0  1  0  17/30  25:25   5:53   6:30 
Alex Killorn             1  2  3   2  0   9  0  0  0  1  9/18   25:33   6:14   6:32 
Andrew Orpik             0  0  0   2  0   1  1  0  1  2  0/0    20:58   4:58   4:26 
Brandon Pirri            0  0  0   0  0   2  1  0  0  0  1/1     8:52   0:00   0:00 
Brian Lashoff            0  0  0   3  0   0  0  3  0  0  0/0    29:28   5:53   6:03 
Calle Jarnkrok           0  0  0   0  0   0  1  0  0  0  1/2     7:02   0:00   1:14 
Cam Atkinson             1  2  3   2  4   5  2  0  0  0  2/4    21:12   6:17   2:29 
Cam Fowler               0  1  1   2  2   2  2  2  0  3  0/0    20:25   4:58   3:37 
Dennis Everberg          0  0  0   0  0   0  0  0  0  0  0/0     5:48   0:00   0:00 
Dustin Jeffrey           0  1  1   0  0   4  0  0  0  0  0/0     9:31   0:24   0:00 
Dylan Olsen              0  0  0   0  0   0  2  0  0  2  0/0    13:02   0:45   3:00 
Jean-Gabriel Pageau      0  1  1   1  4   0  1  1  0  0  4/7    10:32   0:00   0:57 
Michal Repik             0  2  2   1  2   0  0  0  0  0  0/0    14:30   5:19   0:00 
Nathan Beaulieu          0  0  0   0  0   1  0  2  0  0  0/0    18:34   4:28   1:44 
Peter Olvecky            3  1  4   2  0   6  3  1  0  2  3/4    18:23   5:19   3:45 
Petri Kontiola           1  1  2   1  0   6  1  1  1  0  7/12   14:11   5:19   0:00 
Tomas Tatar              0  0  0   0  0   0  0  0  1  0  0/0     7:16   0:03   1:21 
Victor Bartley           0  0  0   1  0   0  1  1  1  0  0/0    17:49   2:10   3:58 

Players Stats for Tamiflu

Player Name              G  A  P  +/- PIM S  H  SB GA TA FO     MP     PP MP  PK MP  
------------------------------------------------------------------------------------
Adam Larsson             0  0  0   0  2   0  0  0  0  0  0/0    15:34   0:43   5:10 
Casey Wellman            0  0  0   0  0   1  0  0  1  0  0/2     6:34   0:00   0:00 
Colin Greening           0  0  0   0  0   0  0  0  0  0  1/2     7:09   0:07   0:23 
Greg Mauldin             0  0  0  -1  4   3  1  0  1  1  13/28  20:07   5:16   2:43 
Jamie Arniel             0  2  2  -3  0   2  0  0  2  1  10/22  19:17   5:13   3:32 
Jan Mursak               0  0  0   0  2   0  3  0  0  0  3/6    15:17   0:51   6:23 
Jordan Hendry            0  0  0  -1  0   3  2  0  2  0  0/0    27:24   6:18   5:29 
Justin Braun             0  0  0  -1  0   0  0  1  0  0  0/0    10:30   0:41   0:50 
Lucas Lessio             0  0  0   0  6   2  2  1  0  0  0/0    10:29   1:10   1:02 
Mattias Tedenby          0  0  0  -1  0   1  0  0  0  0  0/0    12:39   4:41   0:00 
Nathan Oystrick          0  0  0  -1  0   2  1  1  1  1  0/0    19:12   0:41   6:07 
Nino Niederreiter        1  0  1   0  4   3  2  0  0  1  0/1    19:18   5:21   1:43 
Petr Pohl                1  0  1  -4  0   7  0  2  2  0  5/13   21:43   5:01   6:24 
Philip Samuelsson        0  0  0  -1  0   0  0  1  0  0  0/0    27:24   6:18   5:29 
Rich Clune               0  0  0   0  0   3  1  0  0  0  0/0     6:21   0:00   0:00 
Robert Dome              0  0  0  -1  0   4  1  0  1  1  2/3    16:37   5:16   0:00 
Stefan Elliott           0  0  0  -2  0   1  0  1  0  0  0/0    16:16   4:25   0:07 
Tye McGinn               0  0  0  -4  0   5  3  2  0  0  0/1    16:01   4:58   0:38 

3 Stars

1 - Peter Olvecky (BEA)
2 - Adam Mair (BEA)
3 - Alex Killorn (BEA)

Power Play

Harfangs - 2 on 9 Attempt(s) - 22.22%
Tamiflu - 1 on 6 Attempt(s) - 16.67%

Penalty Kill

Harfangs - 5 on 6 Attempt(s) - 83.33% - Score 1 goal in Penalty Kill
Tamiflu - 7 on 9 Attempt(s) - 77.78% - Score 0 goal in Penalty Kill

Team Stat

Harfangs - Hits : 18 - Faceoff Wins : 44 - Blocked Shots : 11 - Penalty Minutes : 12
Tamiflu - Hits : 16 - Faceoff Wins : 34 - Blocked Shots : 9 - Penalty Minutes : 18

Official

Referees : McCauley Wes and Kozari Steve
Linesman : Thor Nelson and Brad Kovachik

Game Notes

15:59 of 2nd period - Tamiflu goal is going for a video replay. After video review, No Goal. The attacking player has interfered with a goalkeeper in his goal crease.
Victor Bartley is injured at 1:40 of 3rd period (Right Leg)
Peter Olvecky has scored a Hat Trick!

Finance

Level 1 -- Attendance: 1703 (85.15%) -- Ticket Income $42,575
Level 2 -- Attendance: 840 (84.00%) -- Ticket Income $8,400
Total Attendance: 2543 (84.77%)
Total Ticket Income: $50,975
Other Income: $2,549
Total Income: $53,524

Harfangs

5 vs 5 Forward 
   Center                   Left Wing                Right Wing               Time % Phy DF OF 
 1 Adam Mair                Alex Killorn             Cam Atkinson             40     1   2  2  
 2 Petri Kontiola           Peter Olvecky            Michal Repik             30     1   2  2  
 3 Jean-Gabriel Pageau      Dustin Jeffrey           Brandon Pirri            20     1   2  2  
 4 Calle Jarnkrok           Tomas Tatar              Dennis Everberg          10     1   2  2  

5 vs 5 Defense 
   Defense                  Defense                                           Time % Phy DF OF 
 1 Victor Bartley           Brian Lashoff                                     40     1   2  2  
 2 Cam Fowler               Andrew Orpik                                      30     1   2  2  
 3 Nathan Beaulieu          Dylan Olsen                                       20     1   2  2  
 4 Victor Bartley           Brian Lashoff                                     10     1   2  2  

PowerPlay Forward 
   Center                   Left Wing                Right Wing               Time % Phy DF OF 
 1 Adam Mair                Alex Killorn             Cam Atkinson             60     1   2  2  
 2 Petri Kontiola           Peter Olvecky            Michal Repik             40     1   2  2  

PowerPlay Defense
   Defense                  Defense                                           Time % Phy DF OF 
 1 Victor Bartley           Brian Lashoff                                     60     1   2  2  
 2 Cam Fowler               Andrew Orpik                                      40     1   2  2  

Penalty Kill 4 Players Forward 
   Center                   Wing                     Time % Phy DF OF 
 1 Alex Killorn             Adam Mair                60     1   2  2  
 2 Peter Olvecky            Cam Atkinson             40     1   2  2  

Penalty Kill 4 Players Defense
   Defense                  Defense                  Time % Phy DF OF 
 1 Victor Bartley           Brian Lashoff            60     1   2  2  
 2 Cam Fowler               Andrew Orpik             40     1   2  2  

Penalty Kill - 3 Players Forward 
   Forward                                           Time % Phy DF OF 
 1 Alex Killorn                                      60     1   2  2  
 2 Adam Mair                                         40     1   2  2  

Penalty Kill - 3 Players Defense
   Defense                  Defense                  Time % Phy DF OF 
 1 Victor Bartley           Brian Lashoff            60     1   2  2  
 2 Cam Fowler               Andrew Orpik             40     1   2  2  

4 vs 4 Forward 
   Center                   Wing                     Time % Phy DF OF 
 1 Alex Killorn             Adam Mair                60     1   2  2  
 2 Peter Olvecky            Cam Atkinson             40     1   2  2  

4 vs 4 Defense
   Defense                  Defense                  Time % Phy DF OF 
 1 Victor Bartley           Brian Lashoff            60     1   2  2  
 2 Cam Fowler               Andrew Orpik             40     1   2  2  

Last Minutes Offensive
   Center                   Left Wing                Right Wing               Defense                  Defense                  
   Adam Mair                Alex Killorn             Cam Atkinson             Victor Bartley           Brian Lashoff            

Last Minutes Defensive
   Center                   Left Wing                Right Wing               Defense                  Defense                  
   Adam Mair                Alex Killorn             Cam Atkinson             Victor Bartley           Brian Lashoff            

Goaltenders
Starting : Jeremy Duchesne          
Backup : Darcy Kuemper            

Extra Forwards
Normal : Dustin Jeffrey, Tomas Tatar, Jean-Gabriel Pageau - PP : Dustin Jeffrey, Tomas Tatar - PK : Jean-Gabriel Pageau
Extra Defensemen
Normal : Nathan Beaulieu, Dylan Olsen, Cam Fowler - PP : Nathan Beaulieu - PK : Dylan Olsen, Cam Fowler
Penalty Shots
Alex Killorn, Adam Mair, Peter Olvecky, Cam Atkinson, Petri Kontiola

Scratches
Andreas Martinsen (Healthy), Joel Armia (Healthy), Brenden Kichton (Healthy), John Macfarland (Healthy), Sebastian Wannstrom (Healthy)
Reid McNeill (Healthy), Mark Alt (Healthy), Roman Wick (Healthy), Roman Cervenka (Healthy), Alex Plante (Healthy)
Angelo Esposito (Healthy), Nick Holden (Healthy), Anton Forsberg (Healthy), Jason Kasdorf (Healthy), Mark Visentin (Healthy)
Scott Wedgewood (Healthy)

Tamiflu

5 vs 5 Forward 
   Center                   Left Wing                Right Wing               Time % Phy DF OF 
 1 Greg Mauldin             Robert Dome              Nino Niederreiter        35     0   2  3  
 2 Jamie Arniel             Tye McGinn               Petr Pohl                35     0   2  3  
 3 Jan Mursak               Lucas Lessio             Mattias Tedenby          20     1   2  2  
 4 Casey Wellman            Rich Clune               Colin Greening           10     1   2  2  

5 vs 5 Defense 
   Defense                  Defense                                           Time % Phy DF OF 
 1 Philip Samuelsson        Jordan Hendry                                     40     1   2  2  
 2 Nathan Oystrick          Stefan Elliott                                    30     1   2  2  
 3 Justin Braun             Adam Larsson                                      20     1   2  2  
 4 Justin Braun             Adam Larsson                                      10     1   3  1  

PowerPlay Forward 
   Center                   Left Wing                Right Wing               Time % Phy DF OF 
 1 Greg Mauldin             Robert Dome              Nino Niederreiter        50     0   1  4  
 2 Jamie Arniel             Tye McGinn               Petr Pohl                50     0   1  4  

PowerPlay Defense
   Defense                  Defense                                           Time % Phy DF OF 
 1 Philip Samuelsson        Jordan Hendry                                     60     0   2  3  
 2 Stefan Elliott           Mattias Tedenby                                   40     0   2  3  

Penalty Kill 4 Players Forward 
   Center                   Wing                     Time % Phy DF OF 
 1 Petr Pohl                Jan Mursak               60     1   3  1  
 2 Jamie Arniel             Nino Niederreiter        40     1   3  1  

Penalty Kill 4 Players Defense
   Defense                  Defense                  Time % Phy DF OF 
 1 Nathan Oystrick          Adam Larsson             50     1   3  1  
 2 Philip Samuelsson        Jordan Hendry            50     1   3  1  

Penalty Kill - 3 Players Forward 
   Forward                                           Time % Phy DF OF 
 1 Jan Mursak                                        60     1   4  0  
 2 Jamie Arniel                                      40     1   4  0  

Penalty Kill - 3 Players Defense
   Defense                  Defense                  Time % Phy DF OF 
 1 Nathan Oystrick          Adam Larsson             60     1   4  0  
 2 Philip Samuelsson        Stefan Elliott           40     1   4  0  

4 vs 4 Forward 
   Center                   Wing                     Time % Phy DF OF 
 1 Greg Mauldin             Petr Pohl                50     1   2  2  
 2 Robert Dome              Nino Niederreiter        50     1   2  2  

4 vs 4 Defense
   Defense                  Defense                  Time % Phy DF OF 
 1 Philip Samuelsson        Jordan Hendry            60     1   2  2  
 2 Stefan Elliott           Justin Braun             40     1   2  2  

Last Minutes Offensive
   Center                   Left Wing                Right Wing               Defense                  Defense                  
   Greg Mauldin             Robert Dome              Petr Pohl                Philip Samuelsson        Jordan Hendry            

Last Minutes Defensive
   Center                   Left Wing                Right Wing               Defense                  Defense                  
   Jamie Arniel             Jan Mursak               Nino Niederreiter        Philip Samuelsson        Nathan Oystrick          

Goaltenders
Starting : Thomas Greiss            
Backup : Joe Fallon               

Extra Forwards
Normal : Robert Dome, Petr Pohl, Mattias Tedenby - PP : Jan Mursak, Lucas Lessio - PK : Greg Mauldin
Extra Defensemen
Normal : Philip Samuelsson, Stefan Elliott, Justin Braun - PP : Justin Braun - PK : Justin Braun, Stefan Elliott
Penalty Shots
Mattias Tedenby, Jamie Arniel, Robert Dome, Nino Niederreiter, Greg Mauldin

Scratches
Garrett Wilson (Healthy), Tanner Kero (Healthy), Greg McKegg (Healthy), Kyle Lawson (Healthy), Brett Bulmer (Healthy)
Stuart Percy (Healthy), Jerome Gauthier-Leduc (Healthy), Konrad Abeltshauser (Healthy), Phoenix Copley (Healthy), Tyler Beskorowany (Healthy)

% Time on Ice - Harfangs

Lines # - Real PCT - Wanted PCT - Time Play
Normal Forward
1 - 35% - 40% - 12:51
2 - 26% - 30% - 9:29
3 - 24% - 20% - 8:52
4 - 16% - 10% - 5:48
Normal Defense
1 - 47% - 40% - 17:26
2 - 31% - 30% - 11:34
3 - 21% - 20% - 7:51
4 - 0% - 10% - 0:09
PP Forward
1 - 54% - 60% - 6:17
2 - 46% - 40% - 5:19
PP Defense
1 - 57% - 60% - 6:38
2 - 43% - 40% - 4:58
PK Forward
1 - 68% - 60% - 7:46
2 - 32% - 40% - 3:38
PK Defense
1 - 58% - 60% - 6:40
2 - 42% - 40% - 4:44
PK3 Forward
1 - 0% - 60%
2 - 0% - 40%
PK3 Defense
1 - 0% - 60%
2 - 0% - 40%
44 Forward
1 - 0% - 60%
2 - 0% - 40%
44 Defense
1 - 0% - 60%
2 - 0% - 40%
Last Minute Offensive  - 0:00
Last Minute Defensive  - 0:00
Total
Forward - 60:00
Defense - 60:00

% Time on Ice - Tamiflu

Lines # - Real PCT - Wanted PCT - Time Play
Normal Forward
1 - 31% - 35% - 11:26
2 - 31% - 35% - 11:29
3 - 21% - 20% - 7:44
4 - 17% - 10% - 6:21
Normal Defense
1 - 44% - 40% - 16:09
2 - 33% - 30% - 12:13
3 - 18% - 20% - 6:33
4 - 6% - 10% - 2:05
PP Forward
1 - 49% - 50% - 5:35
2 - 51% - 50% - 5:49
PP Defense
1 - 61% - 60% - 6:59
2 - 39% - 40% - 4:25
PK Forward
1 - 68% - 60% - 7:41
2 - 32% - 40% - 3:32
PK Defense
1 - 51% - 50% - 5:44
2 - 49% - 50% - 5:29
PK3 Forward
1 - 100% - 60% - 0:23
2 - 0% - 40% - 0:00
PK3 Defense
1 - 100% - 60% - 0:23
2 - 0% - 40% - 0:00
44 Forward
1 - 0% - 50%
2 - 0% - 50%
44 Defense
1 - 0% - 60%
2 - 0% - 40%
Last Minute Offensive  - 0:00
Last Minute Defensive  - 0:00
Total
Forward - 60:00
Defense - 60:00

Play by Play

1st period


0:01 of 1st period - Greg Mauldin wins face-off versus Adam Mair in neutral zone.
0:49 of 1st period - Mattias Tedenby is hit by Calle Jarnkrok and loses puck.
0:55 of 1st period - Off-side.
0:56 of 1st period - Brandon Pirri wins face-off versus Casey Wellman in neutral zone.
1:10 of 1st period - Wrist shot by Rich Clune.
1:10 of 1st period - Shot Misses the Net.
1:12 of 1st period - Slapshot by Justin Braun.
1:12 of 1st period - Deflect By Rich Clune.
1:12 of 1st period - Shot Misses the Net.
1:12 of 1st period - Puck is out of play.
1:13 of 1st period - Adam Mair wins face-off versus Jamie Arniel in Harfangs zone.
1:13 of 1st period - Adam Mair is hit by Tye McGinn.
1:19 of 1st period - Slapshot by Alex Killorn.
1:19 of 1st period - Stopped by Thomas Greiss with a rebound.
1:21 of 1st period - Wrist shot by Adam Mair.
1:21 of 1st period - Goal by Adam Mair - Harfangs : 1 - Tamiflu : 0.
1:22 of 1st period - Greg Mauldin wins face-off versus Petri Kontiola in neutral zone.
1:27 of 1st period - Greg Mauldin is hit by Victor Bartley and loses puck.
1:32 of 1st period - Wrist shot by Peter Olvecky.
1:32 of 1st period - Shot Hit the Post.
1:34 of 1st period - Wrist shot by Peter Olvecky.
1:34 of 1st period - Deflect By Petri Kontiola.
1:34 of 1st period - Stopped by Thomas Greiss with a rebound.
1:36 of 1st period - Wrist shot by Peter Olvecky.
1:36 of 1st period - Stopped by Thomas Greiss with a rebound.
1:48 of 1st period - Alex Killorn is hit by Jan Mursak.
1:52 of 1st period - Adam Mair is hit by Lucas Lessio and loses puck.
2:01 of 1st period - Jan Mursak is hit by Adam Mair and loses puck.
3:20 of 1st period - Snap shot by Alex Killorn.
3:20 of 1st period - Stopped by Thomas Greiss with a rebound.
3:28 of 1st period - Snap shot by Adam Mair.
3:28 of 1st period - Shot Misses the Net.
4:58 of 1st period - Snap shot by Brandon Pirri.
4:58 of 1st period - Stopped by Thomas Greiss with a rebound.
5:06 of 1st period - Brandon Pirri is hit by Jan Mursak and loses puck.
5:50 of 1st period - Adam Mair is hit by Nino Niederreiter and loses puck.
6:09 of 1st period - Jamie Arniel is hit by Jean-Gabriel Pageau and loses puck.
6:42 of 1st period - Slapshot by Casey Wellman.
6:42 of 1st period - Shot Blocked by Nathan Beaulieu.
6:52 of 1st period - Double Minor Penalty to Jean-Gabriel Pageau for High sticking.
6:53 of 1st period - Alex Killorn wins face-off versus Greg Mauldin in Harfangs zone.
7:24 of 1st period - Snap shot by Petr Pohl.
7:24 of 1st period - Shot Blocked by Peter Olvecky.
8:12 of 1st period - Philip Samuelsson is hit by Andrew Orpik and loses puck.
8:33 of 1st period - Tomas Tatar is hit by Tye McGinn and loses puck.
10:39 of 1st period - Icing by Nathan Oystrick.
10:40 of 1st period - Calle Jarnkrok wins face-off versus Jamie Arniel in Tamiflu zone.
10:52 of 1st period - Penalty to Jean-Gabriel Pageau is over, Jean-Gabriel Pageau is back on ice.
11:00 of 1st period - Snap shot by Colin Greening.
11:00 of 1st period - Shot Blocked by Brian Lashoff.
11:08 of 1st period - Justin Braun is hit by Adam Mair.
11:54 of 1st period - Minor Penalty to Lucas Lessio for Interference.
11:55 of 1st period - Petr Pohl wins face-off versus Petri Kontiola in Tamiflu zone.
12:11 of 1st period - Snap shot by Peter Olvecky.
12:11 of 1st period - Deflect By Michal Repik.
12:11 of 1st period - Shot Blocked by Petr Pohl.
12:11 of 1st period - Puck is out of play.
12:12 of 1st period - Petri Kontiola wins face-off versus Petr Pohl in Tamiflu zone.
13:54 of 1st period - Penalty to Lucas Lessio is over, Lucas Lessio is back on ice.
14:02 of 1st period - Wrist shot by Casey Wellman.
14:02 of 1st period - Deflect By Calle Jarnkrok.
14:02 of 1st period - Stopped by Jeremy Duchesne with a rebound.
14:06 of 1st period - Snap shot by Rich Clune.
14:06 of 1st period - Shot Misses the Net.
15:07 of 1st period - Brandon Pirri is hit by Nino Niederreiter and loses puck.
15:20 of 1st period - Jean-Gabriel Pageau is hit by Jan Mursak and loses puck.
15:35 of 1st period - Snap shot by Adam Mair.
15:35 of 1st period - Shot Misses the Net.
15:37 of 1st period - Snap shot by Alex Killorn.
15:37 of 1st period - Stopped by Thomas Greiss without a rebound.
15:38 of 1st period - Adam Mair wins face-off versus Casey Wellman in Tamiflu zone.
15:57 of 1st period - Snap shot by Rich Clune.
15:57 of 1st period - Stopped by Jeremy Duchesne without a rebound.
15:58 of 1st period - Petri Kontiola wins face-off versus Tye McGinn in Harfangs zone.
16:10 of 1st period - Snap shot by Tye McGinn.
16:10 of 1st period - Stopped by Jeremy Duchesne without a rebound.
16:11 of 1st period - Adam Mair wins face-off versus Greg Mauldin in Harfangs zone.
16:22 of 1st period - Snap shot by Alex Killorn.
16:22 of 1st period - Shot Misses the Net.
17:05 of 1st period - Slapshot by Dustin Jeffrey.
17:05 of 1st period - Stopped by Thomas Greiss with a rebound.
17:37 of 1st period - Slapshot by Nathan Oystrick.
17:37 of 1st period - Shot Blocked by Nathan Beaulieu.
17:39 of 1st period - Wrist shot by Nino Niederreiter.
17:39 of 1st period - Stopped by Jeremy Duchesne with a rebound.
17:41 of 1st period - Slapshot by Stefan Elliott.
17:41 of 1st period - Stopped by Jeremy Duchesne without a rebound.
17:42 of 1st period - Petri Kontiola wins face-off versus Jamie Arniel in Harfangs zone.
17:49 of 1st period - Wrist shot by Tye McGinn.
17:49 of 1st period - Stopped by Jeremy Duchesne without a rebound.
17:50 of 1st period - Petr Pohl wins face-off versus Petri Kontiola in Harfangs zone.
17:51 of 1st period - Wrist shot by Jamie Arniel.
17:51 of 1st period - Shot Blocked by Brian Lashoff.
17:53 of 1st period - Slapshot by Nathan Oystrick.
17:53 of 1st period - Stopped by Jeremy Duchesne with a rebound.
17:55 of 1st period - Slapshot by Nathan Oystrick.
17:55 of 1st period - Shot Misses the Net.
17:57 of 1st period - Snap shot by Tye McGinn.
17:57 of 1st period - Shot Blocked by Petri Kontiola.
17:59 of 1st period - Slapshot by Nathan Oystrick.
17:59 of 1st period - Stopped by Jeremy Duchesne without a rebound.
18:00 of 1st period - Alex Killorn wins face-off versus Jamie Arniel in Harfangs zone.
18:48 of 1st period - Slapshot by Jordan Hendry.
18:48 of 1st period - Shot Misses the Net.
18:56 of 1st period - Slapshot by Mattias Tedenby.
18:56 of 1st period - Shot Misses the Net.
19:16 of 1st period - Wrist shot by Rich Clune.
19:16 of 1st period - Stopped by Jeremy Duchesne without a rebound.
19:17 of 1st period - Jamie Arniel wins face-off versus Adam Mair in Harfangs zone.
19:32 of 1st period - Snap shot by Jamie Arniel.
19:32 of 1st period - Stopped by Jeremy Duchesne with a rebound.
19:38 of 1st period - Minor Penalty to Cam Atkinson for Roughing.
19:39 of 1st period - Greg Mauldin wins face-off versus Alex Killorn in Harfangs zone.
Goals for this period are 1 for Harfangs vs 0 for Tamiflu.
Shots for this period are 8 for Harfangs vs 10 for Tamiflu.

2nd period


0:01 of 2nd period - Alex Killorn wins face-off versus Greg Mauldin in neutral zone.
0:16 of 2nd period - Backhand shot by Adam Mair.
0:16 of 2nd period - Stopped by Thomas Greiss with a rebound.
0:37 of 2nd period - Snap shot by Petr Pohl.
0:37 of 2nd period - Shot Blocked by Cam Fowler.
0:39 of 2nd period - Slapshot by Jordan Hendry.
0:39 of 2nd period - Stopped by Jeremy Duchesne with a rebound.
1:38 of 2nd period - Penalty to Cam Atkinson is over, Cam Atkinson is back on ice.
1:47 of 2nd period - Snap shot by Casey Wellman.
1:47 of 2nd period - Shot Blocked by Jean-Gabriel Pageau.
3:12 of 2nd period - Minor Penalty to Adam Larsson for Tripping.
3:13 of 2nd period - Petri Kontiola wins face-off versus Petr Pohl in Tamiflu zone.
5:12 of 2nd period - Penalty to Adam Larsson is over, Adam Larsson is back on ice.
5:14 of 2nd period - Slapshot by Jamie Arniel.
5:14 of 2nd period - Deflect By Nino Niederreiter.
5:14 of 2nd period - Goal by Nino Niederreiter - Harfangs : 1 - Tamiflu : 1.
5:15 of 2nd period - Greg Mauldin wins face-off versus Jean-Gabriel Pageau in neutral zone.
5:44 of 2nd period - Slapshot by Tye McGinn.
5:44 of 2nd period - Stopped by Jeremy Duchesne without a rebound.
5:45 of 2nd period - Adam Mair wins face-off versus Jamie Arniel in Harfangs zone.
5:50 of 2nd period - Snap shot by Petr Pohl.
5:50 of 2nd period - Stopped by Jeremy Duchesne without a rebound.
5:51 of 2nd period - Adam Mair wins face-off versus Jamie Arniel in Harfangs zone.
5:56 of 2nd period - Snap shot by Jamie Arniel.
5:56 of 2nd period - Deflect By Petr Pohl.
5:56 of 2nd period - Stopped by Jeremy Duchesne without a rebound.
5:57 of 2nd period - Greg Mauldin wins face-off versus Cam Atkinson in Harfangs zone.
6:04 of 2nd period - Wrist shot by Greg Mauldin.
6:04 of 2nd period - Stopped by Jeremy Duchesne with a rebound.
6:05 of 2nd period - Minor Penalty to Nino Niederreiter for Hooking.
6:06 of 2nd period - Petr Pohl wins face-off versus Alex Killorn in Tamiflu zone.
6:31 of 2nd period - Petr Pohl is hit by Peter Olvecky.
6:37 of 2nd period - Snap shot by Petri Kontiola.
6:37 of 2nd period - Stopped by Thomas Greiss with a rebound.
6:39 of 2nd period - Slapshot by Petri Kontiola.
6:39 of 2nd period - Shot Misses the Net.
6:41 of 2nd period - Wrist shot by Petri Kontiola.
6:41 of 2nd period - Stopped by Thomas Greiss with a rebound.
8:05 of 2nd period - Penalty to Nino Niederreiter is over, Nino Niederreiter is back on ice.
8:05 of 2nd period - Slapshot by Cam Atkinson.
8:05 of 2nd period - Stopped by Thomas Greiss with a rebound.
8:32 of 2nd period - Snap shot by Greg Mauldin.
8:32 of 2nd period - Shot Misses the Net.
8:38 of 2nd period - Wrist shot by Dustin Jeffrey.
8:38 of 2nd period - Shot Misses the Net.
8:51 of 2nd period - Icing by Jamie Arniel.
8:52 of 2nd period - Jamie Arniel wins face-off versus Calle Jarnkrok in Tamiflu zone.
9:19 of 2nd period - Adam Larsson is hit by Cam Atkinson and loses puck.
10:07 of 2nd period - Calle Jarnkrok is hit by Rich Clune and loses puck.
11:45 of 2nd period - Slapshot by Cam Fowler.
11:45 of 2nd period - Shot Blocked by Justin Braun.
12:22 of 2nd period - Justin Braun is hit by Dylan Olsen and loses puck.
12:35 of 2nd period - Stefan Elliott is hit by Peter Olvecky and loses puck.
12:57 of 2nd period - Jan Mursak is hit by Cam Fowler and loses puck.
13:13 of 2nd period - Off-side.
13:14 of 2nd period - Adam Mair wins face-off versus Jamie Arniel in neutral zone.
13:45 of 2nd period - Slapshot by Peter Olvecky.
13:45 of 2nd period - Stopped by Thomas Greiss without a rebound.
13:46 of 2nd period - Adam Mair wins face-off versus Greg Mauldin in Tamiflu zone.
13:47 of 2nd period - Snap shot by Cam Atkinson.
13:47 of 2nd period - Stopped by Thomas Greiss with a rebound.
13:55 of 2nd period - Snap shot by Cam Atkinson.
13:55 of 2nd period - Deflect By Adam Mair.
13:55 of 2nd period - Stopped by Thomas Greiss with a rebound.
14:40 of 2nd period - Lucas Lessio is hit by Dylan Olsen and loses puck.
14:55 of 2nd period - Snap shot by Alex Killorn.
14:55 of 2nd period - Stopped by Thomas Greiss without a rebound.
14:56 of 2nd period - Greg Mauldin wins face-off versus Adam Mair in Tamiflu zone.
15:01 of 2nd period - Wrist shot by Greg Mauldin.
15:01 of 2nd period - Stopped by Jeremy Duchesne with a rebound.
15:21 of 2nd period - Stefan Elliott is hit by Peter Olvecky and loses puck.
15:23 of 2nd period - Minor Penalty to Michal Repik for Roughing.
15:24 of 2nd period - Jamie Arniel wins face-off versus Alex Killorn in Harfangs zone.
15:27 of 2nd period - Slapshot by Tye McGinn.
15:27 of 2nd period - Stopped by Jeremy Duchesne without a rebound.
15:28 of 2nd period - Alex Killorn wins face-off versus Jamie Arniel in Harfangs zone.
15:57 of 2nd period - Wrist shot by Greg Mauldin.
15:57 of 2nd period - Shot Misses the Net.
15:59 of 2nd period - Wrist shot by Greg Mauldin.
15:59 of 2nd period - Tamiflu goal is going for a video replay.
15:59 of 2nd period - The goal is refused. The attacking player has interfered with a goalkeeper in his goal crease..
16:00 of 2nd period - Greg Mauldin wins face-off versus Alex Killorn in Harfangs zone.
16:01 of 2nd period - Slapshot by Robert Dome.
16:01 of 2nd period - Deflect By Nino Niederreiter.
16:01 of 2nd period - Shot Misses the Net.
16:01 of 2nd period - Puck is out of play.
16:02 of 2nd period - Robert Dome wins face-off versus Alex Killorn in Harfangs zone.
16:17 of 2nd period - Slapshot by Greg Mauldin.
16:17 of 2nd period - Shot Misses the Net.
16:42 of 2nd period - Icing by Tye McGinn.
16:43 of 2nd period - Alex Killorn wins face-off versus Jamie Arniel in Tamiflu zone.
17:23 of 2nd period - Penalty to Michal Repik is over, Michal Repik is back on ice.
17:29 of 2nd period - Andrew Orpik is hit by Jordan Hendry and loses puck.
17:32 of 2nd period - Slapshot by Adam Mair.
17:32 of 2nd period - Shot Misses the Net.
17:34 of 2nd period - Slapshot by Michal Repik.
17:34 of 2nd period - Shot Misses the Net.
17:36 of 2nd period - Slapshot by Andrew Orpik.
17:36 of 2nd period - Shot Misses the Net.
17:38 of 2nd period - Snap shot by Alex Killorn.
17:38 of 2nd period - Stopped by Thomas Greiss with a rebound.
17:40 of 2nd period - Slapshot by Andrew Orpik.
17:40 of 2nd period - Deflect By Philip Samuelsson.
17:40 of 2nd period - Stopped by Thomas Greiss with a rebound.
17:42 of 2nd period - Slapshot by Cam Fowler.
17:42 of 2nd period - Stopped by Thomas Greiss without a rebound.
17:43 of 2nd period - Jean-Gabriel Pageau wins face-off versus Greg Mauldin in Tamiflu zone.
17:50 of 2nd period - Slapshot by Dustin Jeffrey.
17:50 of 2nd period - Stopped by Thomas Greiss without a rebound.
17:51 of 2nd period - Jean-Gabriel Pageau wins face-off versus Greg Mauldin in Tamiflu zone.
18:38 of 2nd period - Snap shot by Alex Killorn.
18:38 of 2nd period - Stopped by Thomas Greiss without a rebound.
18:39 of 2nd period - Jamie Arniel wins face-off versus Adam Mair in Tamiflu zone.
18:48 of 2nd period - Snap shot by Petr Pohl.
18:48 of 2nd period - Stopped by Jeremy Duchesne with a rebound.
19:31 of 2nd period - Slapshot by Rich Clune.
19:31 of 2nd period - Stopped by Jeremy Duchesne without a rebound.
19:32 of 2nd period - Jamie Arniel wins face-off versus Adam Mair in Harfangs zone.
19:33 of 2nd period - Snap shot by Petr Pohl.
19:33 of 2nd period - Shot Blocked by Victor Bartley.
Goals for this period are 0 for Harfangs vs 1 for Tamiflu.
Shots for this period are 13 for Harfangs vs 11 for Tamiflu.

3rd period


0:01 of 3rd period - Greg Mauldin wins face-off versus Adam Mair in neutral zone.
0:04 of 3rd period - Snap shot by Nino Niederreiter.
0:04 of 3rd period - Stopped by Jeremy Duchesne without a rebound.
0:05 of 3rd period - Adam Mair wins face-off versus Nino Niederreiter in Harfangs zone.
0:14 of 3rd period - Wrist shot by Nino Niederreiter.
0:14 of 3rd period - Shot Misses the Net.
0:51 of 3rd period - Off-side.
0:52 of 3rd period - Jan Mursak wins face-off versus Jean-Gabriel Pageau in neutral zone.
0:55 of 3rd period - Slapshot by Lucas Lessio.
0:55 of 3rd period - Stopped by Jeremy Duchesne without a rebound.
0:56 of 3rd period - Jean-Gabriel Pageau wins face-off versus Jan Mursak in Harfangs zone.
1:17 of 3rd period - Minor Penalty to Lucas Lessio for Roughing.
1:18 of 3rd period - Adam Mair wins face-off versus Petr Pohl in Tamiflu zone.
1:39 of 3rd period - Victor Bartley is hit by Jordan Hendry and loses puck.
1:40 of 3rd period - Victor Bartley from Harfangs is injured at 1:40 of 3rd period (Right Leg).
1:41 of 3rd period - Petr Pohl wins face-off versus Adam Mair in Harfangs zone.
2:43 of 3rd period - Slapshot by Jordan Hendry.
2:43 of 3rd period - Stopped by Jeremy Duchesne with a rebound.
3:08 of 3rd period - Icing by Brian Lashoff.
3:09 of 3rd period - Adam Mair wins face-off versus Greg Mauldin in Harfangs zone.
3:17 of 3rd period - Penalty to Lucas Lessio is over, Lucas Lessio is back on ice.
3:30 of 3rd period - Snap shot by Brandon Pirri.
3:30 of 3rd period - Shot Blocked by Tye McGinn.
3:32 of 3rd period - Snap shot by Dustin Jeffrey.
3:32 of 3rd period - Shot Misses the Net.
3:38 of 3rd period - Minor Penalty to Greg Mauldin for Hooking.
3:39 of 3rd period - Adam Mair wins face-off versus Petr Pohl in Tamiflu zone.
3:46 of 3rd period - Snap shot by Cam Atkinson.
3:46 of 3rd period - Goal by Cam Atkinson - Harfangs : 2 - Tamiflu : 1.
3:47 of 3rd period - Adam Mair wins face-off versus Greg Mauldin in neutral zone.
3:54 of 3rd period - Wrist shot by Adam Mair.
3:54 of 3rd period - Shot Misses the Net.
3:56 of 3rd period - Snap shot by Cam Atkinson.
3:56 of 3rd period - Shot Misses the Net.
3:58 of 3rd period - Slapshot by Brian Lashoff.
3:58 of 3rd period - Deflect By Alex Killorn.
3:58 of 3rd period - Stopped by Thomas Greiss with a rebound.
4:00 of 3rd period - Snap shot by Cam Atkinson.
4:00 of 3rd period - Stopped by Thomas Greiss with a rebound.
4:18 of 3rd period - Icing by Peter Olvecky.
4:19 of 3rd period - Jamie Arniel wins face-off versus Petri Kontiola in Harfangs zone.
4:42 of 3rd period - Andrew Orpik is hit by Nathan Oystrick and loses puck.
4:49 of 3rd period - Snap shot by Tye McGinn.
4:49 of 3rd period - Stopped by Jeremy Duchesne without a rebound.
4:50 of 3rd period - Adam Mair wins face-off versus Greg Mauldin in Harfangs zone.
5:47 of 3rd period - Snap shot by Petri Kontiola.
5:47 of 3rd period - Goal by Petri Kontiola - Harfangs : 3 - Tamiflu : 1.
5:48 of 3rd period - Robert Dome wins face-off versus Adam Mair in neutral zone.
5:48 of 3rd period - Jordan Hendry is hit by Cam Atkinson and loses puck.
5:58 of 3rd period - Minor Penalty to Cam Fowler for Roughing.
5:59 of 3rd period - Greg Mauldin wins face-off versus Alex Killorn in Harfangs zone.
6:02 of 3rd period - Snap shot by Robert Dome.
6:02 of 3rd period - Stopped by Jeremy Duchesne without a rebound.
6:03 of 3rd period - Alex Killorn wins face-off versus Greg Mauldin in Harfangs zone.
7:10 of 3rd period - Snap shot by Robert Dome.
7:10 of 3rd period - Stopped by Jeremy Duchesne without a rebound.
7:11 of 3rd period - Jamie Arniel wins face-off versus Alex Killorn in Harfangs zone.
7:52 of 3rd period - Wrist shot by Nathan Beaulieu.
7:52 of 3rd period - Deflect By Peter Olvecky.
7:52 of 3rd period - Deflect By Mattias Tedenby.
7:52 of 3rd period - Shot Misses the Net.
7:52 of 3rd period - Puck is out of play.
7:53 of 3rd period - Peter Olvecky wins face-off versus Jan Mursak in Tamiflu zone.
7:54 of 3rd period - Slapshot by Cam Atkinson.
7:54 of 3rd period - Stopped by Thomas Greiss without a rebound.
7:55 of 3rd period - Jan Mursak wins face-off versus Peter Olvecky in Tamiflu zone.
7:58 of 3rd period - Penalty to Cam Fowler is over, Cam Fowler is back on ice.
8:18 of 3rd period - Wrist shot by Peter Olvecky.
8:18 of 3rd period - Stopped by Thomas Greiss with a rebound.
8:20 of 3rd period - Backhand shot by Brandon Pirri.
8:20 of 3rd period - Stopped by Thomas Greiss with a rebound.
8:22 of 3rd period - Snap shot by Dustin Jeffrey.
8:22 of 3rd period - Stopped by Thomas Greiss without a rebound.
8:23 of 3rd period - Jean-Gabriel Pageau wins face-off versus Greg Mauldin in Tamiflu zone.
8:27 of 3rd period - Minor Penalty to Nino Niederreiter for Tripping.
8:28 of 3rd period - Alex Killorn wins face-off versus Petr Pohl in Tamiflu zone.
9:08 of 3rd period - Petri Kontiola is hit by Greg Mauldin.
9:57 of 3rd period - Jordan Hendry is hit by Adam Mair and loses puck.
10:09 of 3rd period - Icing by Petri Kontiola.
10:10 of 3rd period - Greg Mauldin wins face-off versus Petri Kontiola in Harfangs zone.
10:27 of 3rd period - Penalty to Nino Niederreiter is over, Nino Niederreiter is back on ice.
10:49 of 3rd period - Rich Clune is hit by Brandon Pirri and loses puck.
11:38 of 3rd period - Cam Fowler is hit by Lucas Lessio and loses puck.
11:49 of 3rd period - Minor Penalty to Lucas Lessio for Hooking.
11:50 of 3rd period - Adam Mair wins face-off versus Petr Pohl in Tamiflu zone.
11:57 of 3rd period - Snap shot by Cam Atkinson.
11:57 of 3rd period - Shot Blocked by Nathan Oystrick.
12:23 of 3rd period - Snap shot by Petri Kontiola.
12:23 of 3rd period - Stopped by Thomas Greiss with a rebound.
12:25 of 3rd period - Snap shot by Petri Kontiola.
12:25 of 3rd period - Stopped by Thomas Greiss without a rebound.
12:26 of 3rd period - Petri Kontiola wins face-off versus Petr Pohl in Tamiflu zone.
12:39 of 3rd period - Wrist shot by Peter Olvecky.
12:39 of 3rd period - Goal by Peter Olvecky - Harfangs : 4 - Tamiflu : 1.
12:40 of 3rd period - Greg Mauldin wins face-off versus Adam Mair in neutral zone.
12:51 of 3rd period - Snap shot by Robert Dome.
12:51 of 3rd period - Stopped by Jeremy Duchesne without a rebound.
12:52 of 3rd period - Cam Atkinson wins face-off versus Greg Mauldin in Harfangs zone.
12:52 of 3rd period - Cam Atkinson is hit by Robert Dome.
13:06 of 3rd period - Wrist shot by Greg Mauldin.
13:06 of 3rd period - Shot Blocked by Brian Lashoff.
13:08 of 3rd period - Slapshot by Philip Samuelsson.
13:08 of 3rd period - Shot Misses the Net.
13:18 of 3rd period - Tye McGinn is hit by Petri Kontiola and loses puck.
13:42 of 3rd period - Icing by Stefan Elliott.
13:43 of 3rd period - Jan Mursak wins face-off versus Jean-Gabriel Pageau in Tamiflu zone.
13:48 of 3rd period - Wrist shot by Dustin Jeffrey.
13:48 of 3rd period - Shot Misses the Net.
13:50 of 3rd period - Snap shot by Jean-Gabriel Pageau.
13:50 of 3rd period - Shot Misses the Net.
13:52 of 3rd period - Wrist shot by Dustin Jeffrey.
13:52 of 3rd period - Deflect By Brandon Pirri.
13:52 of 3rd period - Shot Blocked by Lucas Lessio.
13:52 of 3rd period - Puck is out of play.
13:53 of 3rd period - Greg Mauldin wins face-off versus Alex Killorn in Tamiflu zone.
13:53 of 3rd period - Greg Mauldin is hit by Cam Fowler.
14:01 of 3rd period - Snap shot by Alex Killorn.
14:01 of 3rd period - Deflect By Jordan Hendry.
14:01 of 3rd period - Goal by Alex Killorn - Harfangs : 5 - Tamiflu : 1.
14:02 of 3rd period - Greg Mauldin wins face-off versus Cam Atkinson in neutral zone.
14:39 of 3rd period - Snap shot by Peter Olvecky.
14:39 of 3rd period - Shot Blocked by Stefan Elliott.
15:03 of 3rd period - Backhand shot by Dustin Jeffrey.
15:03 of 3rd period - Stopped by Thomas Greiss with a rebound.
15:05 of 3rd period - Slapshot by Andrew Orpik.
15:05 of 3rd period - Shot Misses the Net.
15:21 of 3rd period - Snap shot by Robert Dome.
15:21 of 3rd period - Stopped by Jeremy Duchesne without a rebound.
15:22 of 3rd period - Cam Atkinson wins face-off versus Greg Mauldin in Harfangs zone.
15:52 of 3rd period - Wrist shot by Peter Olvecky.
15:52 of 3rd period - Shot Blocked by Petr Pohl.
15:54 of 3rd period - Snap shot by Michal Repik.
15:54 of 3rd period - Shot Misses the Net.
15:56 of 3rd period - Slapshot by Cam Fowler.
15:56 of 3rd period - Stopped by Thomas Greiss with a rebound.
15:58 of 3rd period - Slapshot by Peter Olvecky.
15:58 of 3rd period - Goal by Peter Olvecky - Harfangs : 6 - Tamiflu : 1.
15:59 of 3rd period - Adam Mair wins face-off versus Greg Mauldin in neutral zone.
16:50 of 3rd period - Slapshot by Robert Dome.
16:50 of 3rd period - Deflect By Greg Mauldin.
16:50 of 3rd period - Shot Misses the Net.
16:50 of 3rd period - Puck is out of play.
16:51 of 3rd period - Adam Mair wins face-off versus Jamie Arniel in Harfangs zone.
17:03 of 3rd period - Snap shot by Petr Pohl.
17:03 of 3rd period - Shot Blocked by Cam Fowler.
17:05 of 3rd period - Snap shot by Tye McGinn.
17:05 of 3rd period - Deflect By Petr Pohl.
17:05 of 3rd period - Stopped by Jeremy Duchesne without a rebound.
17:06 of 3rd period - Petri Kontiola wins face-off versus Jan Mursak in Harfangs zone.
17:15 of 3rd period - Slapshot by Mattias Tedenby.
17:15 of 3rd period - Stopped by Jeremy Duchesne with a rebound.
17:17 of 3rd period - Backhand shot by Lucas Lessio.
17:17 of 3rd period - Stopped by Jeremy Duchesne without a rebound.
17:18 of 3rd period - Jamie Arniel wins face-off versus Adam Mair in Harfangs zone.
17:19 of 3rd period - Wrist shot by Tye McGinn.
17:19 of 3rd period - Deflect By Adam Mair.
17:19 of 3rd period - Shot Misses the Net.
17:19 of 3rd period - Puck is out of play.
17:20 of 3rd period - Jamie Arniel wins face-off versus Adam Mair in Harfangs zone.
17:24 of 3rd period - Minor Penalty to Cam Atkinson for Hooking.
17:25 of 3rd period - Alex Killorn wins face-off versus Jamie Arniel in Harfangs zone.
18:03 of 3rd period - Slapshot by Jordan Hendry.
18:03 of 3rd period - Stopped by Jeremy Duchesne without a rebound.
18:04 of 3rd period - Peter Olvecky wins face-off versus Greg Mauldin in Harfangs zone.
18:19 of 3rd period - Cam Fowler is hit by Tye McGinn and loses puck.
18:29 of 3rd period - Icing by Petr Pohl.
18:30 of 3rd period - Peter Olvecky wins face-off versus Jamie Arniel in Tamiflu zone.
18:35 of 3rd period - Snap shot by Peter Olvecky.
18:35 of 3rd period - Goal by Peter Olvecky - Harfangs : 7 - Tamiflu : 1.
18:36 of 3rd period - Jamie Arniel wins face-off versus Alex Killorn in neutral zone.
18:46 of 3rd period - Wrist shot by Petr Pohl.
18:46 of 3rd period - Stopped by Jeremy Duchesne with a rebound.
18:48 of 3rd period - Wrist shot by Petr Pohl.
18:48 of 3rd period - Stopped by Jeremy Duchesne with a rebound.
18:50 of 3rd period - Snap shot by Jamie Arniel.
18:50 of 3rd period - Stopped by Jeremy Duchesne with a rebound.
18:52 of 3rd period - Wrist shot by Petr Pohl.
18:52 of 3rd period - Goal by Petr Pohl - Harfangs : 7 - Tamiflu : 2.
18:53 of 3rd period - Petr Pohl wins face-off versus Adam Mair in neutral zone.
19:03 of 3rd period - Wrist shot by Adam Mair.
19:03 of 3rd period - Shot Blocked by Philip Samuelsson.
19:05 of 3rd period - Wrist shot by Adam Mair.
19:05 of 3rd period - Shot Blocked by Tye McGinn.
19:07 of 3rd period - Slapshot by Nathan Beaulieu.
19:07 of 3rd period - Stopped by Thomas Greiss without a rebound.
19:08 of 3rd period - Petri Kontiola wins face-off versus Robert Dome in Tamiflu zone.
19:16 of 3rd period - Minor Penalty to Greg Mauldin for Tripping.
19:17 of 3rd period - Adam Mair wins face-off versus Petr Pohl in Tamiflu zone.
19:36 of 3rd period - Minor Penalty to Jan Mursak for Interference.
19:37 of 3rd period - Alex Killorn wins face-off versus Colin Greening in Tamiflu zone.
19:39 of 3rd period - Snap shot by Alex Killorn.
19:39 of 3rd period - Stopped by Thomas Greiss without a rebound.
19:40 of 3rd period - Colin Greening wins face-off versus Adam Mair in Tamiflu zone.
Goals for this period are 6 for Harfangs vs 1 for Tamiflu.
Shots for this period are 18 for Harfangs vs 16 for Tamiflu.